 Dungeon Crawl Stone Soup version 0.29-a0-474-gdfe5cd140f (webtiles) character file.

Game seed: 831469225277433721

43 Bruhh the Magician (level 3, 0/26 HPs)
             Began as a Demigod Air Elementalist on May 24, 2022.
             Succumbed to an adder's poison
             ... on level 2 of the Dungeon.
             The game lasted 00:02:46 (2126 turns).

Bruhh the Magician (Demigod Air Elementalist)       Turns: 2126, Time: 00:02:46

Health: 0/26       AC:  2    Str:  9    XL:     3   Next: 20%
Magic:  0/10       EV: 12    Int: 21    God:
Gold:   110        SH:  0    Dex: 14    Spells: 7/8 levels left

rFire   . . .      SeeInvis .   (no weapon)
rCold   . . .      Faith    .   (no shield)
rNeg    . . .      Spirit   .   a - +0 robe
rPois   .          Reflect  .   (no helmet)
rElec   .          Harm     .   (no cloak)
rCorr   .          Rampage  .   (no gloves)
Will    .....                   (no boots)
Stlth   ++........              (no amulet)
HPRegen 0.08/turn               (no ring)
MPRegen 0.12/turn               (no ring)

@: lethally poisoned (0 -> -2), attractive
A: high MP 1, forlorn, divine attributes
a: no special abilities


You were on level 2 of the Dungeon.
You visited 1 branch of the dungeon, and saw 2 of its levels.

You collected 110 gold pieces.

Inventory:

Armour
 a - a +0 robe (worn)
Scrolls
 d - a scroll of brand weapon {unknown}
 e - a scroll of fear {unknown}
 f - 2 scrolls of teleportation {unknown}
 h - a scroll of blinking {unknown}
 j - a scroll of fog {unknown}
 k - a scroll of poison {unknown}
 m - a scroll of enchant armour {unknown}
 n - a scroll of identify {unknown}
Potions
 b - 2 potions of magic
 c - a potion of curing {unknown}
 g - a potion of attraction
 i - 2 potions of haste {unknown}
 l - a potion of might {unknown}
 o - a potion of invisibility {unknown}


   Skills:
 - Level 1.7 Dodging
 - Level 1.7 Stealth
 + Level 3.2 Spellcasting
 - Level 0.8 Conjurations
 - Level 2.6 Air Magic


You had 7 spell levels left.
You knew the following spells:

 Your Spells              Type           Power      Damage    Failure   Level
a - Shock                 Conj/Air       40%        1d5       6%          1

Your spell library contained the following spells:

 Spells                   Type           Power      Damage    Failure   Level
 Static Discharge         Conj/Air       10%        N/A       10%         2
 Necrotize                Necr           12%        1d4       13%         1
 Swiftness                Air            14%        N/A       13%         3
 Airstrike                Air            7%         N/A       38%         4


Dungeon Overview and Level Annotations

Branches:
Dungeon (2/15)

Shops:
D:1 *


Innate Abilities, Weirdness & Mutations

You have an increased reservoir of magic. (+10% MP)
You shall have no god before yourself.
Your divine heritage dramatically boosts your attributes as you level up.


Message History

The adder is moderately wounded.
The adder bites you.
You hit the adder.
The adder is heavily wounded.
The adder bites you. The adder barely misses you.
There is an open door here.
The adder misses you. The adder attacks as you move away! The adder bites you.
You are poisoned.
The adder poisons you!
You feel sick.
You feel sick.
Okay, then.
Casting: Shock (safe; 6% risk of failure)
Confirm with . or Enter, or press ? or * to list all spells.
Aiming: Shock (safe; 6% risk of failure)
Press: ? - help, Shift-Dir - straight line, f/p - adder
Aim: an adder (heavily wounded, 48% to hit)
The zap hits the adder.
The adder is heavily wounded.
You feel sick. The adder misses you. The adder bites you but does no damage.
Casting: Shock (safe; 6% risk of failure)
Confirm with . or Enter, or press ? or * to list all spells.
Aiming: Shock (safe; 6% risk of failure)
Press: ? - help, Shift-Dir - straight line, f/p - adder
Aim: an adder (heavily wounded, 48% to hit)
The zap misses the adder.
You feel sick. The adder bites you.
* * * LOW HITPOINT WARNING * * *
Casting: Shock (safe; 6% risk of failure)
Confirm with . or Enter, or press ? or * to list all spells.
Aiming: Shock (safe; 6% risk of failure)
Press: ? - help, Shift-Dir - straight line, f/p - adder
Aim: an adder (heavily wounded, 48% to hit)
The zap hits the adder.
The adder is almost dead.
* * * LOW HITPOINT WARNING * * *
You feel sick. The adder closely misses you.
It was a potion of attraction.
You feel attractive to monsters.
You die...

#......# #..... #......#
###.... #......# #..(...
#....<.# #...... ##'#####
#.....# #.# #.....# #.#
#.....##############.#
+.....'.S@...........#
#.....#####..........#####
#.....# #.[.........'....
#.....# #...........#####
#.....# #...........# #.
#.....# #...........####.
#.....# #.############...
#.....# #.# #..........
####### ##.#####.###.####.


You could see an adder.

Vanquished Creatures
  2 adders (D:2)
  4 ball pythons
  A bat (D:1)
  2 endoplasms
  A giant cockroach (D:2)
  6 goblins
  A hobgoblin (D:1)
  2 kobolds
  A quokka (D:1)
  2 frilled lizards (D:1)
  A rat (D:1)
23 creatures vanquished.

Notes
Turn   | Place    | Note
-------+----------+-------------------------------------------
     0 | D:1      | Bruhh the Demigod Air Elementalist began the quest for the
                  | Orb.
     0 | D:1      | Reached XP level 1. HP: 14/14 MP: 5/5
   114 | D:1      | Reached skill level 2 in Spellcasting
   285 | D:1      | Got Plato's Collected Works on Evil Magic
   594 | D:1      | Reached XP level 2. HP: 20/20 MP: 6/8
  1003 | D:1      | Found Fir Ocod's Assorted Antiques.
  1711 | D:2      | Reached skill level 3 in Spellcasting
  1895 | D:2      | Reached XP level 3. HP: 24/26 MP: 6/10
  2125 | D:2      | HP: 1/26 [poisoned by an adder]
  2126 | D:2      | Succumbed to an adder's poison

Illustrated notes

Levels and vault maps discovered:
D:1:      lemuel_arrival_river_ford, layout_basic, serial_shops, shop,
          shapermc_ecumenical_altar_rom_forum, serial_rivers,
          chequers_serial_rivers_small_a, chequers_serial_rivers_room_b,
          chequers_serial_rivers_marsh, chequers_serial_rivers_marsh
D:2:      layout_basic, basic_altar

Skill      XL: |  1  2 |
---------------+-------+-----
Spellcasting   | 2 3 |  3.2
Dodging        | |  1.7
Stealth        | |  1.7
Conjurations   | |  0.8
Air Magic      | |  2.6

Action                   || total
-------------------------++-------
Melee: Unarmed           ||    10
 Cast: Shock             ||    65
  Use: Potion            ||     1
Armor: Robe              ||     4
Dodge: Dodged            ||    33

Table legend: (Time is in decaauts)
 A = Elapsed time spent in this place.
 B = Non-inter-level travel time spent in this place.
 C = Inter-level travel time spent in this place.
 D = Time resting spent in this place.
 E = Time spent auto-exploring this place.
 F = Levels seen in this place.
 G = Mean time per level.
                   A        B        C        D        E       F      G
               +--------+--------+--------+--------+--------+-----+--------+
         Total |   2140 |   2140 |      0 |      0 |   1937 |   2 | 1070.0 |
       Dungeon |   2140 |   2140 |      0 |      0 |   1937 |   2 | 1070.0 |
               +--------+--------+--------+--------+--------+-----+--------+

Top non-repeatable levels by time:
     D:1: 1332 daAuts
     D:2: 807 daAuts
